 Dungeon Crawl Stone Soup version 0.32-a0-636-g4925a30cd0 (webtiles) character file.

Game seed: 12421073072862398692

779 MacCMillion the Grappler (level 7, -16/61 HPs)
             Began as a Troll Shapeshifter on Mar 7, 2024.
             Was an Initiate of Okawaru.
             Demolished by a two-headed ogre
             ... wielding a +0 giant spiked club
              (27 damage)
             ... on level 6 of the Dungeon.
             The game lasted 00:08:02 (4179 turns).

MacCMillion the Grappler (Troll Shapeshifter)       Turns: 4179, Time: 00:08:03

Health: -16/61     AC:  4    Str: 25    XL:     7   Next: 54%
Magic:  5/7        EV: 11    Int:  6    God:    Okawaru [......]
Gold:   266        SH:  0    Dex:  9    Spells: 6/6 levels left

rFire   . .          .
                       - Unarmed
rCold   . . .        (no shield)
rNeg    . . .        a - +0 animal skin
rPois   .            (helmet currently unavailable)
rElec   .            (cloak currently unavailable)
rCorr   .            (gloves unavailable)
SInv    +            (boots unavailable)
Will    .....        (no amulet)
Stlth   +++          i - ring of see invisible
HPRegen 1.10/turn    (no ring)
MPRegen 0.10/turn

%: no passive effects
@: beast-form, heroic
A: beast (slay +1), large, unfitting armour, claws 3, regeneration 1, shaggy fur
1, tough skin 1
a: Begin Untransformation, Renounce Religion


You were on level 6 of the Dungeon.
You worshipped Okawaru.
Okawaru was noncommittal.
You were a hulking beast.
You visited 2 branches of the dungeon, and saw 7 of its levels.

You collected 296 gold pieces.
You spent 30 gold pieces at shops.

Inventory:

Armour
 a - a +0 animal skin (worn)
 f - a +0 cloak
Jewellery
 i - a ring of see invisible (left claw)
 q - a ring of wizardry
 s - a +4 ring of protection
Talismans
 c - a beast talisman (active)
 d - a flux talisman
Wands
 u - a wand of mindburst (3)
Scrolls
 g - 3 scrolls of amnesia
 h - a scroll of revelation {unknown}
 k - 6 scrolls of teleportation
 l - a scroll of fear {unknown}
 m - 3 scrolls of blinking {unknown}
 o - 2 scrolls of enchant armour {unknown}
Potions
 b - a potion of lignification
 e - 2 potions of heal wounds
 j - 2 potions of brilliance
 n - a potion of berserk rage {unknown}
 p - a potion of curing {unknown}
 r - 2 potions of might
 t - 2 potions of degeneration {unknown}


   Skills:
 - Level 0.7(5.7) Fighting
 - Level 1.5(6.5) Dodging
 + Level 8.7(13.7) Unarmed Combat
 - Level 2.0 Invocations
 - Level 3.0 Shapeshifting


You had 6 spell levels left.
You didn't know any spells.
Your spell library was empty.

Dungeon Overview and Level Annotations

Branches:
Dungeon (6/15)             Temple (1/1) D:5

Altars:
Ashenzari
Cheibriados
Dithmenos
Elyvilon
Gozag
Hepliaklqana
Makhleb
Nemelex Xobeh
Okawaru
Qazlal
Ru
Sif Muna
Trog
Uskayaw
Vehumet
Xom
Yredelemnul
Zin

Shops:
D:5 ?


Innate Abilities, Weirdness & Mutations

You are a hulking beast.
Your limbs bulge with bestial killing power. (Slay +1)
You are too large for most types of armour.
You have claws for hands.
Your natural rate of healing is unusually fast.
You are covered in fur. (AC +1)
You have tough skin. (AC +1)


Message History

The hound is lightly wounded.
The hound closely misses you.
You mangle the hound!!
You kill the hound!
Okawaru accepts your kill.
No target in view!
There is an open door here.
As you open the door, it creaks loudly!
There is an open door here.
Press: ? - help, v - describe, . - travel The floor.
There is an open door here.
You open the door.
There is an open door here.
There is an open door here.
As you open the door, it creaks loudly!
You hear two shouts!
There is an open door here.
A two-headed ogre comes into view.
It is wielding two +0 giant spiked clubs.
Aiming: Mindburst
Press: ? - help, Shift-Dir - straight line, f - two-headed ogre
Aim: a two-headed ogre, wielding two +0 giant spiked clubs (chance to affect: 47%)
The two-headed ogre resists with some effort.
Aiming: Mindburst
Press: ? - help, Shift-Dir - straight line, f/p - two-headed ogre
Aim: a two-headed ogre, wielding two +0 giant spiked clubs (chance to affect: 47%)
Okay, then.
You gain the combat prowess of a mighty hero.
You can no longer gain great but temporary skills.
You claw the two-headed ogre!
The two-headed ogre is moderately wounded.
The two-headed ogre hits you with a +0 giant spiked club!!
The two-headed ogre hits you with a +0 giant spiked club!
You scratch the two-headed ogre.
The two-headed ogre is moderately wounded.
You mangle the two-headed ogre!!
The two-headed ogre is severely wounded.
The two-headed ogre hits you with a +0 giant spiked club!
* * * LOW HITPOINT WARNING * * *
The two-headed ogre hits you with a +0 giant spiked club!!
You die...

.+.....+ .#.....# ..
..... ##+##### ... ....
##.....# .... '...
#......# ....###+#..
#......# ..........
'......# .........######
#......# .......O.#....+
########........h.'....#
#.................#....#
#............###+##....#
#........... #.........#
#......... #..<......#
#........ #...#######
..######. #...##....##..
..# #............. ..#
#...##........


You could see a two-headed ogre.

Vanquished Creatures
  2 ice beasts
  2 phantoms
  2 bombardier beetles
  3 hounds
  A jelly (D:5)
  A sleepcap (D:4)
  2 iguanas
  An orc wizard (D:3)
  3 adders
  A white imp (D:5)
  2 ufetubi (D:5)
  3 dart slugs (D:1)
  2 ribbon worms
  10 orcs
  11 ball pythons
  6 bats
  9 endoplasms
  3 giant cockroaches
  8 goblins
  9 hobgoblins
  5 jackals
  9 kobolds
  5 quokkas
  A frilled lizard (D:2)
  4 rats
105 creatures vanquished.

Notes
Turn   | Place    | Note
-------+----------+-------------------------------------------
     0 | D:1      | MacCMillion the Troll Shapeshifter began the quest for the
                  | Orb.
     0 | D:1      | Reached XP level 1. HP: 18/18 MP: 0/0
   218 | D:1      | Found a faded altar of an unknown god.
   230 | D:1      | Reached XP level 2. HP: 18/26 MP: 1/1
   429 | D:1      | Reached skill level 4 in Unarmed Combat
   617 | D:1      | Reached XP level 3. HP: 32/32 MP: 2/2
   659 | D:1      | You fall into a shaft and drop 1 floor!
  1089 | D:2      | Reached XP level 4. HP: 38/40 MP: 3/3
  1101 | D:2      | Reached skill level 5 in Unarmed Combat
  1409 | D:3      | Noticed a +0 dagger
  1411 | D:3      | Noticed a +0 dagger
  1412 | D:3      | Found a hide-covered altar of Uskayaw.
  1981 | D:4      | Reached XP level 5. HP: 46/46 MP: 4/4
  2112 | D:4      | Reached skill level 6 in Unarmed Combat
  2303 | D:4      | Found a radiant altar of Vehumet.
  2310 | D:4      | Found a sparkling altar of Nemelex Xobeh.
  2494 | D:4      | Noticed a phantom
  2510 | D:4      | Killed a phantom
  2511 | D:4      | Reached skill level 7 in Unarmed Combat
  2511 | D:4      | Reached XP level 6. HP: 38/54 MP: 5/5
  3070 | D:5      | Entered Level 5 of the Dungeon
  3215 | D:5      | Found a staircase to the Ecumenical Temple.
  3262 | Temple   | Found a transporter.
  3262 | Temple   | Found a transporter.
  3262 | Temple   | Found a transporter.
  3262 | Temple   | Found a transporter.
  3262 | Temple   | Entered the Ecumenical Temple
  3277 | Temple   | Became a worshipper of Warmaster Okawaru
  3456 | D:5      | Reached skill level 1 in Invocations
  3492 | D:5      | Found Zonoufin's Magic Scroll Shoppe.
  3510 | D:5      | Bought a scroll of teleportation for 30 gold pieces
  3643 | D:5      | Noticed an ice beast
  3684 | D:5      | Killed an ice beast
  3685 | D:5      | Reached skill level 8 in Unarmed Combat
  3685 | D:5      | Reached XP level 7. HP: 52/61 MP: 7/7
  3989 | D:6      | Reached * piety under Okawaru
  4173 | D:6      | Noticed a two-headed ogre
  4179 | D:6      | Demolished by a two-headed ogre

Illustrated notes

Levels and vault maps discovered:
D:1:      kennysheep_arrival_forest, layout_basic,
          ebering_ecumenical_altar_abandoned, hangedman_decor_lopped
D:2:      layout_loops_ring, minmay_hexomino_c4
D:3:      layout_rooms, dancing_weapons_uskayaw, serial_bayou_lake_a
D:4:      layout_loops_ring, mainiacjoe_overflow_catwalk_spiral
D:5:      layout_gridville, temple_statues, serial_shops, shop,
          corexii_hall_statues_i
D:6:      layout_gridville, nicolae_wu_jian_immortal_techniques,
          mainiacjoe_overflow_catwalk, uniq_pikel
Temple:   hellmonk_temple_divided_pantheon

Skill      XL: |  1  2  3  4  5  6 |
---------------+-------------------+-----
Unarmed Combat | 4 5 7 8 |  8.7
Invocations    | 2 |  2.0
Fighting       | |  0.7
Dodging        | |  1.5
Shapeshifting  | |  3.0

Action                     |  1- 3 |  4- 6 |  7- 9 || total
---------------------------+-------+-------+-------++-------
  Melee: Unarmed           |    87 |   140 |    16 ||   243
         Punch             |     4 |     4 |     2 ||    10
 Invoke: Heroism           |       |       |     1 ||     1
  Evoke: Wand              |       |       |     1 ||     1
    Use: Scroll            |       |     4 |       ||     4
   Stab: Sleeping          |       |       |     1 ||     1
 Armour: Animal skin       |    43 |    67 |    10 ||   120
  Dodge: Dodged            |    35 |    54 |     5 ||    94

Table legend: (Time is in decaauts)
 A = Elapsed time spent in this place.
 B = Non-inter-level travel time spent in this place.
 C = Inter-level travel time spent in this place.
 D = Time resting spent in this place.
 E = Time spent auto-exploring this place.
 F = Levels seen in this place.
 G = Mean time per level.
                   A        B        C        D        E       F      G
               +--------+--------+--------+--------+--------+-----+--------+
         Total |   4155 |   3882 |    273 |    202 |   2835 |   7 |  593.6 |
       Dungeon |   4120 |   3853 |    267 |    202 |   2835 |   6 |  686.7 |
        Temple |     34 |     28 |      6 |      0 |      0 |   1 |   34.0 |
               +--------+--------+--------+--------+--------+-----+--------+

Top non-repeatable levels by time:
     D:1: 877 daAuts
     D:5: 843 daAuts
     D:4: 823 daAuts
     D:2: 765 daAuts
     D:3: 587 daAuts
     D:6: 223 daAuts
  Temple: 34 daAuts
